 Dungeon Crawl Stone Soup version 0.27.1-1-g398f81649c (webtiles) character file.

Game seed: 8932970957923200394

29922 Rickety the Unseen (level 13, -4/63 HPs)
             Began as a Spriggan Enchanter on Sept 15, 2021.
             Was a High Priest of Dithmenos.
             Slain by a blink frog (11 damage)
             ... on level 5 of the Lair of Beasts.
             The game lasted 00:56:11 (19674 turns).

Rickety the Unseen (Spriggan Enchanter)            Turns: 19674, Time: 00:56:12

Health: -4/63      AC:  8    Str:  4    XL:     13   Next: 17%
Magic:  21/37      EV: 22    Int: 17    God:    Dithmenos [*****.]
Gold:   935        SH:  0    Dex: 20    Spells: 14/33 levels left

rFire    . . .     SeeInvis +   a - +1 dagger (venom)
rCold    + . .     Faith    .   (shield restricted)
rNeg     . . .     Spirit   .   K - +2 robe {rC+}
rPois    .         Reflect  .   M - +2 hat {SInv}
rElec    .         Harm     .   y - +1 cloak
rCorr    .         Rampage  .   (gloves unavailable)
Will     ++...                  (boots unavailable) Stlth *+++++++++
                                (no amulet)
HPRegen  0.20/turn              z - ring of flight
MPRegen  0.25/turn              E - ring of magical power

@: flying, wreathed by umbra, very quick
A: very small, no large weapons, unfitting armour, see invisible, speed 3
a: Renounce Religion, Shadow Step, Shadow Form


You were on level 5 of the Lair of Beasts.
You worshipped Dithmenos.
Dithmenos was extremely pleased with you.
You visited 3 branches of the dungeon, and saw 16 of its levels.

You collected 1012 gold pieces.
You spent 77 gold pieces at shops.

Inventory:

Hand Weapons
 a - a +1 dagger of venom (weapon)
 b - a +2 rapier of speed
 I - a +2 short sword of venom
 O - a +2 vampiric dagger
Missiles
 c - 2 curare-tipped darts
 i - 108 poisoned darts (quivered)
 x - 6 datura-tipped darts
 Z - 7 atropa-tipped darts
Armour
 y - a +1 cloak (worn)
 K - a +2 robe of cold resistance (worn)
 M - a +2 hat of see invisible (worn)
Jewellery
 o - an amulet of magic regeneration
 z - a ring of flight (left hand)
 E - a ring of magical power (right hand)
Wands
 C - a wand of iceblast (18)
 J - a wand of mindburst (15)
 N - a wand of charming (14)
 T - a wand of polymorph (6)
Scrolls
 h - 2 scrolls of blinking
 k - 6 scrolls of teleportation
 m - a scroll of holy word {unknown}
 p - a scroll of magic mapping {unknown}
 t - 2 scrolls of fear
 u - a scroll of enchant weapon {unknown}
 V - a scroll of acquirement {unknown}
 W - a scroll of brand weapon {unknown}
 X - a scroll of silence {unknown}
Potions
 e - 8 potions of curing
 g - 5 potions of lignification
 l - 2 potions of brilliance
 q - 2 potions of invisibility
 r - 4 potions of haste
 H - a potion of ambrosia
 L - a potion of magic
 P - 2 potions of heal wounds
 U - a potion of resistance
Miscellaneous
 j - a piece from Xom's chessboard (15/15)
 Q - a phantom mirror


   Skills:
 * Level 4.9 Fighting
 * Level 6.9 Short Blades
 * Level 6.3 Throwing
 - Level 2.0 Armour
 * Level 6.7 Dodging
 * Level 17.1 Stealth
 * Level 10.8 Spellcasting
 + Level 0.1 Conjurations
 * Level 10.3 Hexes
 * Level 1.0 Summonings
 * Level 0.6 Necromancy
 - Level 5.0 Translocations
 * Level 1.3 Transmutations
 - Level 2.0 Ice Magic
 * Level 0.8 Earth Magic
 * Level 5.5 Invocations
 * Level 7.5 Evocations


You had 14 spell levels left.
You knew the following spells:

 Your Spells              Type           Power      Damage    Failure   Level
a - Corona                Hex            48%        N/A       1%          1
b - Ensorcelled Hibernat  Hex/Ice        60%        N/A       1%          2
c - Confusing Touch       Hex            44%        N/A       1%          3
d - Dazzling Flash        Conj/Hex       54%        N/A       2%          3
e - Passwall              Tmut/Erth      10%        N/A       8%          2
g - Summon Guardian Gole  Hex/Summ       28%        N/A       2%          3
l - Blink                 Tloc           N/A        N/A       1%          2
t - Tukima's Dance        Hex            44%        N/A       1%          3

Your spell library contained the following spells:

 Spells                   Type           Power      Damage    Failure   Level
 Lesser Beckoning         Tloc           13%        N/A       3%          3
 Sandblast                Erth           24%        2d8       5%          1
 Pain                     Necr           44%        1d6       6%          1
 Shock                    Conj/Air       36%        1d5       8%          1
 Frozen Ramparts          Ice            30%        1d5       11%         3
 Stone Arrow              Conj/Erth      20%        3d8       19%         3
 Swiftness                Air            9%         N/A       24%         3
 Manifold Assault         Tloc           26%        N/A       28%         5
 Ice Form                 Ice/Tmut       14%        N/A       36%         4
 Summon Ice Beast         Ice/Summ       14%        N/A       38%         4
 Airstrike                Air            4%         N/A       61%         4
 Lee's Rapid Deconstruct  Erth           6%         3d7*      83%         5
 Borgnjor's Vile Clutch   Necr/Erth      5%         N/A       85%         5
 Agony                    Necr           11%        N/A       86%         5
 Excruciating Wounds      Necr           5%         N/A       86%         5
 Statue Form              Tmut/Erth      8%         N/A       100%        6
 Orb of Destruction       Conj           4%         9d2       100%        7
 Spellforged Servitor     Conj/Summ      5%         N/A       100%        7


Dungeon Overview and Level Annotations

Branches:
Dungeon (10/15)            Temple (1/1) D:6            Lair (5/6) D:10
  Swamp (0/4) Lair:3        Snake (0/4) Lair:2          Orc (0/2) D:10
  Slime: Lair:5-6

Altars:
Ashenzari
Cheibriados
Dithmenos
Elyvilon
Fedhas
Gozag
Hepliaklqana
Kikubaaqudgha
Makhleb
Nemelex Xobeh
Okawaru
Qazlal
Ru
Sif Muna
Uskayaw
Vehumet
Wu Jian
Xom
Yredelemnul
The Shining One

Shops:
D:7 :(([[

Annotations:
Lair:2 exclusion: 2 oklob plants
Lair:3 exclusion: oklob plant


Innate Abilities, Weirdness & Mutations

You are very small and have problems with some larger weapons.
You are too small for most types of armour.
You have supernaturally acute eyesight. (SInv)
You cover ground extremely quickly. (Speed+++)


Message History

Your shadow barely misses the elephant.
The blink frog hits the blink frog!
You catch the helpless elephant completely off-guard!
You perforate the elephant like a sieve!!!
The elephant looks as sick as possible!
The elephant is severely wounded.
You catch the helpless elephant completely off-guard!
You spit the elephant like a pig!!!
You kill the elephant!
Dithmenos accepts your kill.
The blink frog is no longer blind.
The blink frog misses you.
You hit the blink frog but do no damage.
The blink frog is poisoned.
The blink frog is lightly wounded.
The blink frog blinks!
Casting: Dazzling Flash (dangerous; 2% risk of failure)
Confirm with . or Enter, or press ? or * to list all spells.
The blink frog is dazzled.
The elephant tramples you but does no damage.
The elephant trunk-slaps you.
* * * LOW HITPOINT WARNING * * *
Casting: Dazzling Flash (dangerous; 2% risk of failure)
Confirm with . or Enter, or press ? or * to list all spells.
Your hands begin to glow red.
The blink frog hits you!
* * * LOW HITPOINT WARNING * * *
The elephant tramples you but does no damage.
The elephant closely misses you.
You hit the elephant but do no damage.
The elephant appears confused.
The blink frog completely misses you.
The blink frog hits the elephant!
The blink frog blinks!
You feel better.
The blink frog looks more healthy.
The blink frog hits you!
* * * LOW HITPOINT WARNING * * *
The elephant closely misses the blink frog. x2
The blink frog blinks!
Casting: Confusing Touch (safe; 1% risk of failure)
Confirm with . or Enter, or press ? or * to list all spells.
You blink.
The blink frog misses the blink frog.
The blink frog hits itself!
The blink frog is no longer blind.
The blink frog blinks!
The blink frog blinks!
The blink frog hits you!
You die...

#### #†§# #...#
.##.#.###.##.....
.........<.......
..........Y......
.P...............
..##....§.FF.....
#...........#....
#....PF......$...P..
.......@............
...#......#..P....!
..F.......#.#....#
.#...P..##...#..###
...#.....#..##...P#.
...#....P#..........
.. ......(......#...
........#...Y..# #
...........P##.#


You could see 2 elephants and 4 blink frogs.

Vanquished Creatures
  Gastronok (Lair:1)
  Fannar (D:10)
  2 hydras (Lair:2)
  A centaur warrior (D:9)
  2 two-headed ogres
  A death yak (Lair:2)
  Urug (Lair:1)
  Nergalle (Lair:3)
  A bog body (Lair:3)
  7 elephants
  2 black mambas (Lair:2)
  A torpor snail (Lair:2)
  7 cane toads
  4 komodo dragons
  Maggie (Lair:1)
  2 kobold demonologists
  A rime drake (Lair:4)
  A polar bear (Lair:2)
  2 hornets
  3 slime creatures (D:8)
  15 blink frogs
  2 wyverns
  A vampire (D:10)
  27 yaks
  Grum (D:10)
  2 nagas (Lair:2)
  An acid dragon (D:9)
  9 water moccasins
  2 ice beasts
  2 sky beasts
  6 orc warriors
  3 black bears
  5 wolves
  3 centaurs
  15 bullfrogs
  6 kobold brigands
  A gnoll sergeant (D:8)
  A scorpion (D:7)
  A wyvern skeleton (D:4)
  6 killer bees
  3 wights (D:8)
  A howler monkey (D:9)
  4 centaur zombies
  3 jellies
  5 orc priests
  6 hounds
  An iguana (D:2)
  9 orc wizards
  A killer bee zombie (D:6)
  2 gnolls (D:8)
  4 adders
  A shadow imp (D:8)
  2 white imps
  An adder skeleton (D:4)
  3 dart slugs
  33 orcs
  2 ball pythons
  3 endoplasms
  5 giant cockroaches
  A goblin (D:2)
  5 hobgoblins
  2 jackals (D:1)
  3 quokkas
  A frilled lizard (D:2)
  33 kobolds
  4 rats
  A butterfly (D:3)
290 creatures vanquished.

Vanquished Creatures (collateral kills)
  An orc warrior (D:8)
  An ogre (D:4)
  A wight (D:8)
  4 orc priests
  An orc wizard (D:4)
  3 gnolls (D:8)
  4 orcs
  3 kobolds
18 creatures vanquished.

Vanquished Creatures (others)
  A yak (Lair:5)
  11 dancing weapons
  17 fungi
  73 plants
102 creatures vanquished.

Grand Total: 410 creatures vanquished

Notes
Turn   | Place    | Note
-------+----------+-------------------------------------------
     0 | D:1      | Rickety the Spriggan Enchanter began the quest for the Orb.
     0 | D:1      | Reached XP level 1. HP: 9/9 MP: 5/5
   293 | D:1      | Reached XP level 2. HP: 13/13 MP: 6/6
   304 | D:1      | Reached skill level 5 in Stealth
   307 | D:1      | Learned a level 2 spell: Ensorcelled Hibernation
   946 | D:2      | Reached XP level 3. HP: 16/16 MP: 8/8
   955 | D:2      | Learned a level 3 spell: Confusing Touch
  1309 | D:2      | Reached skill level 6 in Stealth
  1904 | D:3      | Reached XP level 4. HP: 21/21 MP: 4/9
  1923 | D:3      | Learned a level 3 spell: Tukima's Dance
  2213 | D:3      | Found a shimmering altar of Xom.
  2985 | D:4      | Found a stormy altar of Qazlal.
  3062 | D:4      | Noticed an ogre
  3068 | D:4      | Identified the +7 whip "Demonbane" {freeze, Dex+3}
  3074 | D:4      | Killed an ogre
  3075 | D:4      | Reached skill level 7 in Stealth
  3075 | D:4      | Reached XP level 5. HP: 22/24 MP: 0/10
  3445 | D:4      | Reached skill level 1 in Ice Magic
  3612 | D:4      | Got the Catalogue of the Mountains
  3773 | D:4      | Found a white marble altar of Elyvilon.
  3773 | D:4      | Found a hide-covered altar of Uskayaw.
  3781 | D:4      | Found an iron altar of Okawaru.
  3783 | D:4      | Found a faded altar of an unknown god.
  3785 | D:4      | Found a hazy altar of Hepliaklqana.
  3866 | D:5      | Entered Level 5 of the Dungeon
  4041 | D:5      | Reached XP level 6. HP: 29/29 MP: 12/12
  4177 | D:5      | Reached skill level 8 in Stealth
  4315 | D:5      | Found a glowing golden altar of the Shining One.
  4688 | D:6      | Identified the +6 hunting sling "Killer Klown's Foe"
                  | {vorpal, Int+3}
  4734 | D:6      | Noticed an ice beast
  4736 | D:6      | Found a staircase to the Ecumenical Temple.
  4739 | D:6      | Killed an ice beast
  4740 | D:6      | Reached skill level 9 in Stealth
  4746 | Temple   | Entered the Ecumenical Temple
  4782 | Temple   | Became a worshipper of Dithmenos the Shadowed
  5238 | D:6      | Found a broken altar of Ashenzari.
  5281 | D:6      | Reached skill level 5 in Hexes
  5281 | D:6      | Reached XP level 7. HP: 32/32 MP: 11/13
  5578 | D:6      | Reached skill level 10 in Stealth
  5857 | D:6      | Reached skill level 1 in Evocations
  5897 | D:7      | Found Enezegga's Antique Weapon Shop.
  5967 | D:7      | Found a shimmering blue altar of Sif Muna.
  5972 | D:7      | Reached skill level 1 in Fighting
  6006 | D:7      | Found a basalt altar of Yredelemnul.
  6016 | D:7      | Reached XP level 8. HP: 37/37 MP: 11/15
  6079 | D:7      | Found Caufroj's Book Shoppe.
  6301 | D:7      | Found Peago's Armour Shoppe.
  6370 | D:7      | Found Otraishri's Antique Armour Shop.
  6375 | D:7      | Noticed a two-headed ogre
  6453 | D:7      | Killed a two-headed ogre
  6454 | D:7      | Reached skill level 1 in Throwing
  6454 | D:7      | Reached skill level 1 in Armour
  6454 | D:7      | Reached skill level 11 in Stealth
  6454 | D:7      | Reached skill level 5 in Spellcasting
  6454 | D:7      | Reached skill level 1 in Invocations
  6522 | D:7      | Bought a glowing robe for 77 gold pieces
  6831 | D:7      | Found Xumaicw's Weapon Shop.
  7139 | D:8      | Reached XP level 9. HP: 42/42 MP: 17/19
  7143 | D:8      | Learned a level 3 spell: Dazzling Flash
  7188 | D:8      | Reached * piety under Dithmenos
  7953 | D:8      | Found an opulent altar of Gozag.
  8217 | D:8      | Reached ** piety under Dithmenos
  8501 | D:9      | Found a blossoming altar of Fedhas.
  8509 | D:9      | Reached skill level 12 in Stealth
  9119 | D:9      | Reached XP level 10. HP: 48/48 MP: 22/22
  9213 | D:9      | Learned a level 2 spell: Blink
  9218 | D:9      | Noticed a centaur warrior
  9222 | D:9      | Killed a centaur warrior
  9223 | D:9      | Reached skill level 13 in Stealth
  9223 | D:9      | Reached skill level 1 in Translocations
  9577 | D:10     | Entered Level 10 of the Dungeon
  9577 | D:10     | Noticed Fannar
  9836 | D:10     | Noticed a two-headed ogre
  9852 | D:10     | Killed a two-headed ogre
 10348 | D:10     | Reached *** piety under Dithmenos
 10650 | D:10     | Found a staircase to the Orcish Mines.
 10974 | D:10     | Found a radiant altar of Vehumet.
 11585 | D:10     | Reached skill level 5 in Short Blades
 11585 | D:10     | Reached skill level 5 in Evocations
 12597 | D:10     | Reached XP level 11. HP: 25/52 MP: 24/24
 12803 | D:10     | Noticed Grum
 12858 | D:10     | Killed Fannar
 12859 | D:10     | Reached skill level 14 in Stealth
 13380 | D:10     | Killed Grum
 13576 | D:10     | Found a staircase to the Lair.
 13652 | D:10     | Reached skill level 5 in Dodging
 13835 | Lair:1   | Entered Level 1 of the Lair of Beasts
 13835 | Lair:1   | Noticed Gastronok
 13852 | Lair:1   | Killed Gastronok
 14148 | Lair:1   | You are sucked into a shaft and drop 1 floor!
 14193 | Lair:1   | Noticed Maggie
 14211 | Lair:2   | Reached skill level 5 in Throwing
 14604 | Lair:1   | Reached skill level 15 in Stealth
 14942 | Lair:1   | Noticed Urug
 14974 | Lair:1   | Killed Urug
 15436 | Lair:1   | Killed Maggie
 15909 | Lair:2   | Reached **** piety under Dithmenos
 15933 | Lair:2   | Noticed a death yak
 15940 | Lair:2   | Killed a death yak
 15941 | Lair:2   | Reached XP level 12. HP: 58/58 MP: 26/26
 16334 | Lair:2   | Noticed a four-headed hydra
 16338 | Lair:2   | Killed a four-headed hydra
 16381 | Lair:2   | Noticed a five-headed hydra
 16387 | Lair:2   | Killed a five-headed hydra
 16388 | Lair:2   | Reached skill level 5 in Translocations
 16428 | Lair:2   | Learned a level 3 spell: Summon Guardian Golem
 16459 | Lair:2   | Found a staircase to the Snake Pit.
 16466 | Lair:2   | Reached skill level 16 in Stealth
 17110 | Lair:2   | Reached skill level 5 in Invocations
 17116 | Lair:2   | Reached skill level 10 in Spellcasting
 17361 | Lair:3   | Noticed Nergalle
 17384 | Lair:3   | Killed Nergalle
 17385 | Lair:3   | Reached skill level 10 in Hexes
 17550 | Lair:3   | Found a staircase to the Swamp.
 18465 | Lair:4   | Reached ***** piety under Dithmenos
 18540 | Lair:4   | Learned a level 2 spell: Passwall
 18816 | Lair:4   | Reached XP level 13. HP: 63/63 MP: 28/28
 18862 | Lair:4   | Reached skill level 17 in Stealth
 19022 | Lair:4   | Identified the +1 leather armour of the Bells {rElec rN+
                  | Will+}
 19640 | Lair:5   | Reached skill level 1 in Transmutations
 19660 | Lair:5   | Reached skill level 1 in Summonings
 19674 | Lair:5   | Slain by a blink frog

Illustrated notes

Levels and vault maps discovered:
D:1:      minmay_arrival_glassed_features, layout_loops_ring
D:2:      layout_basic
D:3:      layout_basic, xom_butterflies, serial_bayou_pond_e
D:4:      layout_rooms, mainiacjoe_overflow_concentric_impassable,
          chequers_temple_overflow_minitemple
D:5:      layout_loops_cross, amcnicky_altar_gilded
D:6:      layout_basic, nicolae_ashenzari_skybound,
          minmay_temple_entry_sparse_star
D:7:      layout_loops_cross, mainiacjoe_overflow_catch_the_wave, serial_shops,
          shop, shop, nicolae_shop_trees, nicolae_take_the_stairs, shop
D:8:      layout_loops_corners, nicolae_gozag_cash_rules_everything_around_me
D:9:      layout_roguey, mainiacjoe_overflow_catwalk, serial_aquarium,
          aquarium_bridge_straight [aquarium_subvault_bridge,
          aquarium_subvault_balcony, aquarium_subvault_bridge,
          aquarium_subvault_window], aquarium_bridge_square
          [aquarium_subvault_bridge, aquarium_subvault_bridge,
          aquarium_subvault_balcony, aquarium_subvault_balcony],
          aquarium_window_corridor_3, aquarium_window_fake, aquarium_view_2b
D:10:     layout_stronghold, mainiacjoe_overflow_alcove_2, david_lair_shrubbed,
          hiddenorc2_lemuel, uniq_grum, uniq_fannar
Temple:   jpeg_temple_island
Lair:1:   layout_roguey, chequers_serial_rivers_micro_d, st_stairs_11,
          serial_bayou_shore_b, grunt_megastairs_4, uniq_urug, uniq_gastronok,
          uniq_maggie
Lair:2:   dpeg_oklob_gauntlet, layout_long_grid, guppyfry_snake_entry_island,
          serial_bayou_shore_a
Lair:3:   layout_cave_shapes, skrybe_swamp_entry_bodies,
          minmay_lair_oklob_chamber, grunt_megastairs_5, uniq_nergalle
Lair:4:   layout_long_grid, serial_bayou_shore_b
Lair:5:   layout_loops_ring, nicolae_slime_entry_slimehenge,
          serial_bayou_ford_a, tgw_fedhas

Skill      XL: |  1  2  3  4  5  6  7  8  9 10 11 12 13 |
---------------+----------------------------------------+-----
Stealth        | 5 6 7 9 10 11 12 13 15 16 17 | 17.1
Hexes          | 4 5 6 7 8 9 10 | 10.3
Spellcasting   | 3 4 6 7 8 9 10 | 10.8
Short Blades   | 2 3 4 5 6 |  6.9
Ice Magic      | 1 2 |  2.0
Dodging        | 3 4 5 6 |  6.7
Evocations     | 1 2 3 5 6 7 |  7.5
Fighting       | 1 2 3 4 |  4.9
Throwing       | 1 3 4 5 6 |  6.3
Armour         | 1 2 |  2.0
Invocations    | 1 2 3 4 5 |  5.5
Translocations | 2 4 5 |  5.0
Transmutations | 1 |  1.3
Summonings     | 1 |  1.0
Conjurations   | |  0.1
Necromancy     | |  0.6
Earth Magic    | |  0.8

Action                   |  1- 3 |  4- 6 |  7- 9 | 10-12 | 13-15 || total
-------------------------+-------+-------+-------+-------+-------++-------
Melee: Dagger            |    59 |   105 |   197 |   521 |    70 ||   952
Throw: Dart              |       |       |       |     4 |       ||     4
 Cast: Corona            |     9 |       |       |       |       ||     9
       Ensorcelled Hiber |    18 |    22 |    27 |   117 |    12 ||   196
       Tukima's Dance    |       |     6 |    28 |    19 |       ||    53
       Confusing Touch   |       |     3 |     6 |    35 |     4 ||    48
       Dazzling Flash    |       |       |     6 |    11 |     6 ||    23
       Blink             |       |       |       |     5 |     1 ||     6
Evoke: Wand              |       |       |       |     1 |       ||     1
  Use: Scroll            |       |       |       |    19 |       ||    19
       Potion            |       |       |       |     1 |     2 ||     3
 Stab: Sleeping          |    20 |    20 |    30 |    90 |     7 ||   167
       Confused          |       |     3 |     5 |    29 |     2 ||    39
       Distracted        |       |     1 |     2 |     8 |       ||    11
       Invisible         |       |       |     2 |     5 |     6 ||    13
Armor: Robe              |     4 |    11 |    21 |    79 |    17 ||   132
Dodge: Dodged            |    51 |    52 |   130 |   439 |   101 ||   773
